AoeStats
← 客官

Arena

509330315Analyzed
4v4 RM · 7d ago on Sep 26, 2026· 51m 4s· 8 players
Game mode
Random Map
Map size
Large (8 player)
Population
200
Speed
Normal
Resources
Standard
Victory
Conquest
Starting age
Dark Age
Ending age
Imperial Age
RankedLock teamsTeams togetherTeam positionsShared explorationLock speedFull tech treeHidden civsTurbo modeCheats
Victory
Defeat
🇦🇺 Poles · Australia
1480
+15
🇨🇳 Huns · China
1428
+17
🇹🇼 Britons · Taiwan
1390
+18
🇨🇳 Franks · China
1380
+18
🇪🇨 Cumans · Ecuador
1492
-19
🇹🇷 Franks · Türkiye
1450
-17
🇫🇷 Tatars · France
1440
-17
🇬🇧 Varangians · United Kingdom
1392
-15
客官
8:09 Feudal Age
7:19 Loom
9:28 Double-Bit Axe
10:58 Horse Collar
20:11 Castle Age
18:22 Stone Mining
19:20 Gold Mining
19:41 Scale Barding Armor
22:18 Wheelbarrow
21:30 Town Watch
26:13 Chain Barding Armor
40:38 Gold Shaft Mining
40:15 Bow Saw
40:06 Heavy Plow
40:26 Hand Cart
41:19 Pikeman
42:01 Squires
42:02 Scale Mail Armor
42:13 Forging
45:22 Imperial Age
43:21 Fletching
43:32 Padded Archer Armor
44:02 Bodkin Arrow
44:15 Thumb Ring
45:00 Leather Archer Armor
45:10 Ballistics
47:14 Chemistry
46:26 Masonry
46:25 Bracer
46:42 Bloodlines
46:33 Husbandry
47:45 Light Cavalry
48:01 Heavy Cavalry Archer
49:07 Parthian Tactics
49:43 Hussar
51:06 Plate Barding Armor
51:09 Iron Casting
50:21 Capped Ram
Advanced Micro Devices
8:30 Loom
10:28 Feudal Age
11:36 Double-Bit Axe
13:11 Wheelbarrow
12:28 Fletching
19:39 Castle Age
20:56 Bodkin Arrow
28:22 Bow Saw
27:56 Horse Collar
32:03 Gold Mining
35:08 Hand Cart
35:15 Heavy Plow
35:32 Stone Mining
37:14 Padded Archer Armor
40:12 Imperial Age
38:28 Elite Skirmisher
39:27 Leather Archer Armor
38:52 Crossbowman
40:59 Bracer
41:08 Arbalester
43:23 Ballistics
46:02 Chemistry
47:11 Ring Archer Armor
46:53 Masonry
50:46 Yeomen
羊了个羊
10:31 Feudal Age
14:17 Castle Age
12:33 Double-Bit Axe
21:05 Bow Saw
22:17 Wheelbarrow
27:25 Imperial Age
25:12 Hand Cart
24:43 Loom
25:28 Gold Mining
26:58 Scale Barding Armor
27:04 Forging
26:57 Husbandry
28:02 Chain Barding Armor
27:38 Cavalier
29:05 Iron Casting
29:52 Conscription
29:39 Paladin
31:49 Plate Barding Armor
32:24 Blast Furnace
36:43 Gold Shaft Mining
35:59 Stone Mining
38:48 Fletching
39:11 Masonry
39:22 Ballistics
40:02 Chemistry
41:20 Coinage
42:33 Bodkin Arrow
43:11 Architecture
42:37 Murder Holes
44:07 Banking
44:28 Scale Mail Armor
43:51 Pikeman
44:31 Squires
45:11 Siege Engineers
47:46 Chain Mail Armor
46:56 Halberdier
47:22 Arson
47:23 Gambesons
49:10 Plate Mail Armor
50:01 Padded Archer Armor
Josephine Explosiphine
9:57 Feudal Age
11:04 Double-Bit Axe
13:47 Castle Age
12:06 Horse Collar
14:52 Bow Saw
14:43 Heavy Plow
19:44 Wheelbarrow
20:35 Stone Mining
20:38 Gold Mining
22:07 Forging
22:04 Scale Barding Armor
23:01 Hand Cart
23:55 Iron Casting
24:07 Loom
24:46 Chain Barding Armor
25:08 Treadmill Crane
28:19 Imperial Age
26:27 Bloodlines
26:18 Husbandry
26:53 Szlachta Privileges
26:41 Fletching
28:27 Cavalier
30:08 Blast Furnace
29:29 Conscription
32:54 Crop Rotation
33:52 Chemistry
33:04 Masonry
32:52 Bodkin Arrow
34:51 Stone Shaft Mining
34:30 Fortified Wall
34:16 Murder Holes
34:27 Siege Engineers
35:10 Coinage
35:33 Ballistics
35:55 Scale Mail Armor
35:56 Bracer
35:59 Squires
35:45 Arson
35:22 Elite Obuch
37:14 Lechitic Legacy
37:29 Hoardings
37:58 Chain Mail Armor
39:42 Plate Mail Armor
40:21 Banking
39:52 Caravan
43:14 Light Cavalry
44:25 Winged Hussar
44:41 Capped Ram
45:36 Siege Ram
Hecktelion
9:37 Feudal Age
13:46 Castle Age
12:07 Double-Bit Axe
13:05 Horse Collar
22:03 Wheelbarrow
22:43 Bow Saw
22:34 Heavy Plow
22:28 Stone Mining
24:13 Hand Cart
24:03 Gold Mining
25:23 Gold Shaft Mining
25:04 Loom
29:54 Imperial Age
28:19 Bloodlines
28:10 Husbandry
28:33 Ballistics
28:06 Fletching
28:17 Padded Archer Armor
29:10 Bodkin Arrow
30:10 Leather Archer Armor
30:38 Silk Armor
30:40 Bracer
31:49 Chemistry
31:22 Heavy Cavalry Archer
32:41 Crop Rotation
33:04 Coinage
33:07 Ring Archer Armor
35:44 Conscription
47:42 Murder Holes
48:46 Town Watch
docsparkles
11:21 Feudal Age
12:28 Double-Bit Axe
15:22 Castle Age
13:06 Horse Collar
16:32 Bow Saw
21:13 Wheelbarrow
22:22 Heavy Plow
23:53 Gold Mining
23:56 Stone Mining
24:36 Hand Cart
28:50 Imperial Age
26:26 Scale Mail Armor
26:36 Forging
26:56 Loom
27:08 Fletching
27:58 Squires
29:01 Arson
29:21 Gambesons
30:27 Chain Mail Armor
30:48 Iron Casting
30:32 Pikeman
31:37 Halberdier
33:37 Plate Mail Armor
34:46 Conscription
37:05 Capped Ram
37:18 Elite Varangian Guard
39:01 Blast Furnace
39:08 Chemistry
40:52 Two-Man Saw
39:38 Gothikon
39:58 Man-at-Arms
41:01 Long Swordsman
41:54 Bodkin Arrow
44:17 Bracer
45:48 Scale Barding Armor
46:49 Elite Jarl
tokmakbaba
10:28 Feudal Age
11:14 Double-Bit Axe
12:19 Padded Archer Armor
12:11 Fletching
14:19 Loom
19:26 Castle Age
18:37 Forging
19:38 Wheelbarrow
21:46 Iron Casting
21:04 Gold Mining
21:26 Bow Saw
26:08 Stone Mining
27:24 Scale Mail Armor
27:26 Squires
32:44 Fortified Wall
36:31 Town Watch
37:01 Hand Cart
37:18 Masonry
40:33 Imperial Age
38:28 Pikeman
39:25 Chain Mail Armor
40:44 Halberdier
41:56 Plate Mail Armor
42:27 Blast Furnace
43:38 Chemistry
44:43 Arson
Maty
6:07 Loom
8:38 Feudal Age
10:39 Double-Bit Axe
13:09 Fletching
20:04 Horse Collar
22:11 Wheelbarrow
24:42 Castle Age
23:58 Gold Mining
25:52 Capped Ram
27:17 Bodkin Arrow
41:04 Imperial Age
42:18 Scale Barding Armor
43:06 Bloodlines
44:05 Chain Barding Armor
43:34 Elite Steppe Lancer
44:53 Forging
45:36 Plate Barding Armor
45:55 Steppe Husbandry
46:48 Conscription
47:33 Light Cavalry
49:27 Hand Cart
49:56 Hussar
51:22 Heavy Plow
51:33 Bow Saw
Connection lost

Rejoining the realm…

Still unreachable

The connection could not be restored.

Session expired

The server has moved on; the page needs a fresh start.